 Dungeon Crawl Stone Soup version 0.31-a0-112-gdf0485fa37 (webtiles) character file.

Game seed: 7054326645009286885

25133 pokeman the Eclecticist (level 12, -5/68 HPs)
             Began as a Deep Elf Hedge Wizard on May 28, 2023.
             Was a High Priest of Vehumet.
             Slain by a death yak (22 damage)
             ... in an ice cave.
             The game lasted 00:49:13 (16022 turns).

pokeman the Eclecticist (Deep Elf Hedge Wizard)    Turns: 16022, Time: 00:49:14

Health: -5/68      AC:  9    Str:  7    XL:     12   Next: 86%
Magic:  36/36      EV: 12    Int: 34    God:    Vehumet [*****.]
Gold:   121        SH:  0    Dex: 14    Spells: 20/47 levels left

rFire   + + .        g - +4 short sword (venom)
rCold   + + .        (no shield)
rNeg    . . .        a - +2 leather armour "Forget-Me-Not" {rF+ rC+ Will+ Int+3}
rPois   .            c - +0 hat
rElec   .            j - scarf {rC+ rF+}
rCorr   +            (no gloves)
SInv    +            (no boots)
Will    ++...        (no amulet)
Stlth   ++           T - ring "Witsur" {rCorr Int+6 SInv}
HPRegen 0.31/turn    C - +4 ring of protection
MPRegen 0.25/turn

%: no passive effects
@: no status effects
A: no striking features
a: Renounce Religion


You were in an ice cave.
You worshipped Vehumet.
Vehumet was extremely pleased with you.
You visited 3 branches of the dungeon, and saw 15 of its levels.
You also visited: Ossuary and Ice Cave.

You collected 636 gold pieces.
You spent 515 gold pieces at shops.

Inventory:

Hand Weapons
 g - a +4 short sword of venom (weapon)
Missiles
 E - a throwing net
 Q - a curare-tipped dart
Armour
 a - the +2 leather armour "Forget-Me-Not" (worn) {rF+ rC+ Will+ Int+3}
   (You found it on level 3 of the Dungeon)

   Int:       It affects your intelligence (+3).
   rF:        It protects you from fire.
   rC:        It protects you from cold.
   Will:      It increases your willpower.
 c - a +0 hat (worn)
 j - a scarf of resistance (worn)
Jewellery
 C - a +4 ring of protection (right hand)
 T - the ring "Witsur" (left hand) {rCorr Int+6 SInv}
   (You found it on level 10 of the Dungeon)

   [ring of intelligence]

   Int:       It affects your intelligence (+6).
   SInv:      It lets you see invisible.
   rCorr:     It protects you from acid and corrosion.
Wands
 l - a wand of polymorph (4)
 I - a wand of paralysis (7)
 K - a wand of digging (7)
Scrolls
 k - a scroll of enchant weapon
 n - 6 scrolls of teleportation
 A - a scroll of blinking
 M - 2 scrolls of magic mapping
Potions
 d - 2 potions of magic
 e - 10 potions of curing
 f - 3 potions of ambrosia
 i - 11 potions of heal wounds
 o - 3 potions of attraction
 z - 3 potions of mutation {unknown}
 B - 2 potions of enlightenment {unknown}
 N - a potion of might {unknown}
 O - a potion of haste {unknown}
 R - a potion of lignification {unknown}
Miscellaneous
 b - a box of beasts
 h - a phantom mirror
 r - a phial of floods
 s - a piece from Xom's chessboard (15/15)


   Skills:
 - Level 5.0 Fighting
 - Level 5.2 Armour
 - Level 3.0 Dodging
 - Level 3.0 Stealth
 + Level 2.7 Shields
 * Level 18.1 Spellcasting
 + Level 10.8 Conjurations
 - Level 1.1 Summonings
 - Level 1.0 Necromancy
 - Level 1.1 Translocations
 + Level 10.3 Fire Magic
 - Level 1.1 Ice Magic
 - Level 1.1 Air Magic
 - Level 1.3 Earth Magic
 - Level 1.0 Poison Magic
 - Level 1.1 Evocations


You had 20 spell levels left.
You knew the following spells:

 Your Spells              Type           Power      Damage    Failure   Level
a - Magic Dart            Conj           100%       1d8       0%          1
b - Mephitic Cloud        Conj/Pois/Air  57%        N/A       1%          3
c - Call Imp              Summ           76%        N/A       1%          2
d - Blink                 Tloc           76%        N/A       1%          2
e - Flame Wave            Conj/Fire      80%        2d17      1%          4
f - Stone Arrow           Conj/Erth      100%       3d13      1%          3
g - Freezing Cloud        Conj/Ice/Air   28%        6-21      2%          5
h - Orb of Destruction    Conj           40%        9d11      4%          7

Your spell library contained the following spells:

 Spells                   Type           Power      Damage    Failure   Level
 Plasma Beam              Fire/Air       31%        2x1d48    7%          6
 Kiss of Death            Conj/Necr      100%       2d13      1%          1
 Necrotise                Necr           100%       1d9       1%          1
 Slow                     Hex            100%       N/A       1%          1
 Cigotuvi's Dreadful Rot  Necr/Pois/Air  76%        N/A       1%          2
 Lesser Beckoning         Tloc           76%        N/A       1%          2
 Ignite Poison            Fire/Tmut/Pois 54%        N/A       1%          3
 Inner Flame              Hex/Fire       60%        N/A       1%          3
 Sticky Flame             Conj/Fire      80%        2d9       1%          4
 Gell's Gravitas          Tloc           38%        N/A       3%          3
 Teleport Other           Tloc           38%        N/A       3%          3
 Vampiric Draining        Necr           38%        2d8       3%          3
 Confusing Touch          Hex            30%        N/A       4%          3
 Summon Guardian Golem    Hex/Summ       34%        N/A       4%          3
 Dispel Undead            Necr           38%        3d16      11%         4
 Anguish                  Hex/Necr       17%        N/A       13%         4
 Cause Fear               Hex            15%        N/A       16%         4
 Agony                    Necr           38%        N/A       28%         5
 Borgnjor's Vile Clutch   Necr/Erth      19%        N/A       28%         5
 Spellforged Servitor     Conj/Summ      32%        N/A       28%         7
 Alistair's Intoxication  Tmut/Pois      22%        N/A       36%         5
 Eringya's Noxious Bog    Tmut/Pois      17%        N/A       45%         6
 Enfeeble                 Hex            15%        N/A       100%        7


Dungeon Overview and Level Annotations

Branches:
Dungeon (13/15)            Temple (1/1) D:5            Lair (1/5) D:8
    Orc (0/2) D:12        Ossuary (visited)           IceCv (1/1)
 Vaults: D:13-14

Altars:
Ashenzari
Cheibriados
Dithmenos
Elyvilon
Fedhas
Gozag
Hepliaklqana
Kikubaaqudgha
Makhleb
Nemelex Xobeh
Okawaru
Qazlal
Ru
Sif Muna
Trog
Uskayaw
Vehumet
Wu Jian
Xom
Yredelemnul
Zin
The Shining One

Shops:
D:6 *!   D:7 [   D:8 *!?   D:10 (*::   D:11 (   D:12 *

Portals:
Abyss: D:3

Annotations:
D:3 2 transporters, benadryl's ghost, amateur FoBr
D:5 2 transporters, Sans23's ghost, novice HuBe
D:12 1 runed translucent door, exclusion: orange crystal statue
D:13 Rupert


Message History

Casting: Stone Arrow (safe; 1% risk of failure)
Confirm with . or Enter, or press ? or * to list all spells.
Aiming: Mephitic Cloud (safe; 1% risk of failure)
Press: ? - help, Shift-Dir - straight line, f - death yak
Aim: a death yak (chance to affect: 34%) That beam is likely to hit you.
Continue anyway?
The ball explodes into a vile cloud!
The stinking cloud engulfs the death yak but does no damage. x2
The stinking cloud engulfs you but does no damage.
You are engulfed in noxious fumes.
You choke on the stench!
You are confused.
The death yak is engulfed in noxious fumes.
The death yak closely misses you.
The death yak is engulfed in noxious fumes.
Unknown command.
Unknown command.
You feel less confused.
The death yak is engulfed in noxious fumes.
The death yak closely misses you.
The polar bear is engulfed in noxious fumes.
The polar bear appears confused.
Unknown command.
The death yak attacks as you move away! The death yak misses you.
The death yak is engulfed in noxious fumes.
The death yak gores you.
The death yak is engulfed in noxious fumes. x2
The death yak appears confused.
The death yak gores you!
* * * LOW HITPOINT WARNING * * *
The death yak is engulfed in noxious fumes.
The death yak closely misses you.
The death yak is engulfed in noxious fumes.
The death yak appears confused.
The death yak gores the death yak!!
The death yak is engulfed in noxious fumes.
The death yak appears confused.
The death yak gores you.
* * * LOW HITPOINT WARNING * * *
The death yak is engulfed in noxious fumes.
Vehumet accepts your kill.
You feel your power returning.
You feel a bit more experienced.
The polar bear seems less confused.
The death yak gores you!!
You die...

##.....# ##..###
##...# #..###
##...## ###..#
#..## ##..##
###@.# ###
#######~Y.##
#...##~~≈#~Y####
#..~#~~~h##
#.~~#~#~#
#....#####~#
#..#. ### ## #


You could see 2 death yaks and a polar bear.

Vanquished Creatures
  Snorg (D:11)
  Erica (D:11)
  2 two-headed ogres
  A boulder beetle (D:11)
  2 death yaks (IceCv)
  6 cyclopes
  A manticore (D:12)
  Joseph (D:8)
  An ice statue (IceCv)
  4 unseen horrors
  3 kobold demonologists
  A komodo dragon (D:11)
  A rime drake (D:8)
  2 ice devils (Lair:1)
  2 trolls
  7 polar bears
  A shadow (D:9)
  35 yaks
  A vampire (D:10)
  A basilisk (Lair:1)
  2 steam dragons (D:8)
  4 vampire mosquitoes (D:12)
  2 acid dragons
  A water moccasin (D:5)
  2 black bears
  6 ice beasts
  2 orc warriors
  3 centaurs (D:11)
  15 wolves
  3 kobold brigands (D:9)
  An elf zombie (Ossuary)
  2 bullfrogs
  Blork the orc (D:4)
  3 gnoll sergeants
  4 scorpions
  13 wights
  13 killer bees
  3 electric eels
  4 howler monkeys
  4 hounds
  12 orc priests
  3 jellies
  A sleepcap (D:7)
  A human zombie (Ossuary)
  3 iguanas
  16 orc wizards
  2 hound zombies (Ossuary)
  4 mummies (Ossuary)
  10 adders
  17 gnolls
  2 white imps
  4 ufetubi
  4 dart slugs
  61 orcs
  4 ball pythons
  10 endoplasms
  7 giant cockroaches
  10 hobgoblins
  8 jackals
  4 quokkas
  3 bats
  3 frilled lizards
  A gnoll zombie (Ossuary)
  9 goblins
  A goblin zombie (Ossuary)
  A hobgoblin zombie (Ossuary)
  3 jackal zombies (Ossuary)
  14 kobolds
  An orc zombie (Ossuary)
  7 rats
  A rat zombie (Ossuary)
389 creatures vanquished.

Vanquished Creatures (collateral kills)
  A water moccasin (D:8)
  An endoplasm (D:2)
  A goblin (D:2)
3 creatures vanquished.

Grand Total: 392 creatures vanquished

Notes
Turn   | Place    | Note
-------+----------+-------------------------------------------
     0 | D:1      | pokeman the Deep Elf Hedge Wizard began the quest for the
                  | Orb.
     0 | D:1      | Reached XP level 1. HP: 10/10 MP: 7/7
   237 | D:1      | Reached XP level 2. HP: 15/15 MP: 6/9
   624 | D:1      | Reached skill level 5 in Spellcasting
   806 | D:1      | Reached XP level 3. HP: 20/20 MP: 7/11
   810 | D:1      | Learned a level 3 spell: Mephitic Cloud
   813 | D:1      | Learned a level 2 spell: Call Imp
   816 | D:1      | Learned a level 2 spell: Blink
  1619 | D:2      | Reached skill level 1 in Fighting
  1619 | D:2      | Reached skill level 1 in Armour
  1837 | D:2      | Noticed a scorpion
  1867 | D:2      | Killed a scorpion
  1868 | D:2      | Reached XP level 4. HP: 21/25 MP: 6/13
  2423 | D:3      | Reached skill level 6 in Spellcasting
  2423 | D:3      | Reached XP level 5. HP: 29/29 MP: 13/15
  2432 | D:3      | Learned a level 4 spell: Flame Wave
  2823 | D:3      | Identified the +2 leather armour "Forget-Me-Not" {rF+ rC+
                  | Will+ Int+3}
  2905 | D:3      | Reached skill level 1 in Poison Magic
  2912 | D:3      | Reached skill level 1 in Air Magic
  3086 | D:3      | Found a transporter.
  3134 | D:3      | Found a transporter.
  3134 | D:3      | Noticed a toenail golem
  3139 | D:3      | Found a one-way gate to the infinite horrors of the Abyss.
  3139 | D:3      | Noticed benadryl's ghost (amateur FoBr)
  3207 | D:3      | Reached XP level 6. HP: 33/34 MP: 12/17
  3592 | D:4      | Reached skill level 1 in Evocations
  3596 | D:4      | Noticed Blork the orc
  3610 | D:4      | Reached skill level 7 in Spellcasting
  3613 | D:4      | Killed Blork the orc
  3614 | D:4      | Reached skill level 1 in Fire Magic
  3832 | D:4      | Found a shimmering altar of Xom.
  4038 | D:4      | Reached XP level 7. HP: 38/38 MP: 14/20
  4138 | D:4      | Found an ornate altar of the Wu Jian Council.
  4341 | D:4      | Found an opulent altar of Gozag.
  4392 | D:5      | Entered Level 5 of the Dungeon
  4547 | D:5      | Reached skill level 8 in Spellcasting
  4634 | D:5      | Found a transporter.
  4635 | D:5      | Found a transporter.
  4635 | D:5      | Noticed Sans23's ghost (novice HuBe)
  4691 | D:5      | Found a staircase to the Ecumenical Temple.
  4702 | Temple   | Entered the Ecumenical Temple
  5157 | D:5      | Learned a level 7 spell: Orb of Destruction
  5288 | D:5      | Found a radiant altar of Vehumet.
  5295 | D:5      | Became a worshipper of Vehumet
  5560 | D:5      | Reached XP level 8. HP: 44/44 MP: 15/22
  5919 | D:6      | Reached skill level 9 in Spellcasting
  6181 | D:6      | Reached * piety under Vehumet
  6181 | D:6      | Offered knowledge of Sandblast by Vehumet.
  6251 | D:6      | Found Ememui's Distillery.
  6256 | D:6      | Bought a potion of magic for 80 gold pieces
  6256 | D:6      | Bought a potion of heal wounds for 50 gold pieces
  6347 | D:6      | Found Zin's Purification Station.
  6350 | D:6      | Found a glowing silver altar of Zin.
  6471 | D:6      | Reached skill level 5 in Conjurations
  7262 | D:7      | Reached skill level 10 in Spellcasting
  7773 | D:7      | Reached XP level 9. HP: 41/48 MP: 11/25
  7886 | D:7      | Found a white marble altar of Elyvilon.
  7917 | D:7      | Learned a level 5 spell: Freezing Cloud
  8303 | D:7      | Found Venihewo's Armour Emporium.
  8472 | D:8      | Reached skill level 1 in Ice Magic
  8475 | D:8      | Reached skill level 1 in Necromancy
  8553 | D:8      | Found a sand-covered staircase.
  8557 | Ossuary  | Entered an ossuary
  8567 | Ossuary  | Reached skill level 11 in Spellcasting
  8567 | Ossuary  | Reached ** piety under Vehumet
  8567 | Ossuary  | Offered knowledge of Scorch by Vehumet.
  8582 | Ossuary  | Reached skill level 5 in Fire Magic
  8915 | D:8      | Noticed Joseph
  8931 | D:8      | Killed Joseph
  9003 | D:8      | Found a burning altar of Makhleb.
  9044 | D:8      | Found Gasm's Distillery.
  9065 | D:8      | Bought a potion of heal wounds for 55 gold pieces
  9065 | D:8      | Bought a potion of curing for 33 gold pieces
  9065 | D:8      | Bought a potion of heal wounds for 55 gold pieces
  9065 | D:8      | Bought a potion of degeneration for 11 gold pieces
  9354 | D:8      | Reached skill level 12 in Spellcasting
  9354 | D:8      | Noticed a rime drake
  9364 | D:8      | Killed a rime drake
  9368 | D:8      | Reached XP level 10. HP: 36/56 MP: 18/28
  9378 | D:8      | Offered knowledge of Searing Ray by Vehumet.
  9549 | D:8      | Reached skill level 13 in Spellcasting
  9553 | D:8      | Reached *** piety under Vehumet
  9715 | D:8      | Found a staircase to the Lair.
  9762 | D:8      | Found Ugesyt's Assorted Antiques.
  9765 | D:8      | Bought an inky potion for 24 gold pieces
  9765 | D:8      | Bought a scroll labelled SETROU ESKOECH for 27 gold pieces
  9863 | D:8      | Found Puuloa's Magic Scroll Shop.
 10387 | D:9      | Identified the +2 leather armour "Xuac" {-Cast Will++}
 10423 | D:9      | Offered knowledge of Stone Arrow by Vehumet.
 10430 | D:9      | Learned a level 3 spell: Stone Arrow
 10533 | D:9      | Noticed a sun demon
 10538 | D:9      | Reached skill level 14 in Spellcasting
 10538 | D:9      | Reached skill level 1 in Earth Magic
 10810 | D:9      | Reached skill level 5 in Fighting
 10810 | D:9      | Reached XP level 11. HP: 63/63 MP: 24/31
 10873 | D:9      | You fall into a shaft and drop 2 floors!
 10878 | D:10     | Entered Level 10 of the Dungeon
 10883 | D:10     | Found Zeefaaj's Weapon Boutique.
 10990 | D:10     | Found Souf's Book Emporium.
 10999 | D:10     | Found Viorch's General Store.
 11005 | D:10     | Bought a scroll of identify for 30 gold pieces
 11006 | D:10     | Noticed a two-headed ogre
 11014 | D:10     | Killed a two-headed ogre
 11234 | D:10     | Reached **** piety under Vehumet
 11368 | D:10     | Found a sacrificial altar of Ru.
 11490 | D:10     | Offered knowledge of Airstrike by Vehumet.
 11496 | D:10     | Reached skill level 15 in Spellcasting
 11666 | D:10     | Identified the ring "Witsur" {rCorr Int+6 SInv}
 11785 | D:10     | Found Coto's Book Boutique.
 11960 | D:10     | Found a hide-covered altar of Uskayaw.
 12139 | D:11     | Noticed Erica
 12144 | D:11     | Killed Erica
 12907 | D:11     | Reached skill level 16 in Spellcasting
 12967 | D:11     | Noticed Snorg
 12967 | D:11     | Noticed a boulder beetle
 12979 | D:11     | Noticed a two-headed ogre
 12990 | D:11     | Killed a two-headed ogre
 13318 | D:11     | Killed Snorg
 13392 | D:11     | Found Oseis's Antique Weapon Shoppe.
 13527 | D:11     | Killed a boulder beetle
 13528 | D:11     | Reached XP level 12. HP: 68/68 MP: 16/34
 13631 | D:10     | Bought 3 scrolls of identify for 90 gold pieces
 13681 | D:8      | Bought a scroll of identify for 30 gold pieces
 13681 | D:8      | Bought a scroll of identify for 30 gold pieces
 14042 | D:12     | Found Ilanoloch's General Store.
 14095 | D:12     | Found a runed translucent door.
 14280 | D:12     | Reached skill level 5 in Armour
 14281 | D:12     | Reached skill level 10 in Conjurations
 14760 | D:12     | Reached ***** piety under Vehumet
 14760 | D:12     | Offered knowledge of Plasma Beam by Vehumet.
 14765 | D:12     | Found a staircase to the Orcish Mines.
 14953 | D:12     | Noticed a crystal guardian
 14986 | D:13     | Reached skill level 17 in Spellcasting
 14986 | D:13     | Noticed Rupert
 14988 | D:13     | Paralysed by Rupert for 5 turns
 15129 | Lair:1   | Entered Level 1 of the Lair of Beasts
 15168 | Lair:1   | Found a frozen archway.
 15209 | IceCv    | Entered an ice cave
 15235 | IceCv    | Reached skill level 1 in Shields
 15547 | IceCv    | Reached skill level 10 in Fire Magic
 15736 | IceCv    | Noticed a death yak
 15744 | IceCv    | Killed a death yak
 15800 | IceCv    | Reached skill level 18 in Spellcasting
 16013 | IceCv    | Noticed a death yak
 16013 | IceCv    | Noticed a death yak
 16015 | IceCv    | Noticed a death yak
 16020 | IceCv    | Killed a death yak
 16022 | IceCv    | Slain by a death yak

Illustrated notes

Levels and vault maps discovered:
D:1:      dpeg_arrival_tiny_d, layout_rooms, serial_curves, eino_curves_02,
          eino_curves_02
D:2:      layout_basic, kennysheep_generic_room_7
D:3:      layout_rooms, gammafunk_ghost_abyssal_escape, serial_bayou_pond_b,
          minivault_24, minmay_ruptured
D:4:      layout_cave_pools, lemuel_coloured_pillars_altar,
          mainiacjoe_overflow_alcove_4, xom_butterflies, uniq_blork_the_orc
D:5:      layout_basic, vehumet_crystals, minmay_temple_entry_ruins,
          gammafunk_ghost_arena, nrook_pool_corridor
D:6:      layout_basic, zin_purify, serial_shops, nicolae_shop_hallway_stairs
D:7:      layout_loops_ring, elyvilon_altar_1, serial_shops, shop
D:8:      layout_loops_ring, lightli_temple_of_fire, hellmonk_lair_entry_icy,
          serial_shops, nicolae_shop_hallway_plus, shop, kennysheep_mini,
          lightli_ossuary_entry_decrepit_ruins, uniq_joseph
D:9:      layout_big_octagon, supply_closet_lemuel
D:10:     layout_basic, lemuel_round_altar, mainiacjoe_overflow_small_starburst,
          serial_shops, shop, nicolae_book_shop_shelving, shop,
          nicolae_shop_just_a_little_nook, minmay_misc_feat_room
D:11:     layout_cave_pools, serial_shops, nicolae_shop_tiny_real_fake_doors,
          grunt_ministairs_8, water_boxes_lemuel, uniq_erica, uniq_snorg
D:12:     layout_roguey, hiddenorc1_lemuel, serial_shops, shop,
          minmay_crystal_box
D:13:     layout_layer_cave, uniq_rupert
Temple:   nicolae_temple_figure_eight
Lair:1:   layout_chaotic_city, portal_ice_cave_demonic_guard, grunt_megastairs_4
IceCv:    ice_cave_caverns_03

Skill      XL: |  1  2  3  4  5  6  7  8  9 10 11 12 |
---------------+-------------------------------------+-----
Spellcasting   | 5 6 7 8 10 12 14 16 18 | 18.1
Fighting       | 1 2 3 5 |  5.0
Armour         | 1 3 4 5 |  5.2
Conjurations   | 2 3 4 5 7 8 9 10 | 10.8
Stealth        | 3 |  3.0
Dodging        | 3 |  3.0
Poison Magic   | 1 |  1.0
Air Magic      | 1 |  1.1
Evocations     | 1 |  1.1
Fire Magic     | 1 3 4 6 7 9 10 | 10.3
Ice Magic      | 1 |  1.1
Necromancy     | 1 |  1.0
Earth Magic    | 1 |  1.3
Shields        | 2 |  2.7
Summonings     | |  1.1
Translocations | |  1.1

Action                     |  1- 3 |  4- 6 |  7- 9 | 10-12 || total
---------------------------+-------+-------+-------+-------++-------
  Melee: Dagger            |    17 |     1 |       |       ||    18
         Punch             |     1 |       |     1 |     3 ||     5
         Short sword       |       |    22 |   114 |    61 ||   197
         Hand axe          |       |       |       |    22 ||    22
   Cast: Magic Dart        |   116 |   140 |   172 |    45 ||   473
         Call Imp          |     3 |       |     1 |     1 ||     5
         Mephitic Cloud    |     1 |     5 |    21 |    35 ||    62
         Blink             |       |       |     4 |       ||     4
         Flame Wave        |       |       |    20 |    32 ||    52
         Freezing Cloud    |       |       |       |    25 ||    25
         Stone Arrow       |       |       |       |    79 ||    79
    Use: Potion            |       |       |     1 |       ||     1
         Scroll            |       |       |       |    18 ||    18
   Stab: Sleeping          |     1 |     1 |     2 |       ||     4
         Confused          |     1 |     2 |    17 |     5 ||    25
         Distracted        |       |       |     1 |       ||     1
 Armour: Robe              |     4 |     3 |       |       ||     7
         Leather armour    |       |    11 |    47 |    40 ||    98
  Dodge: Dodged            |    20 |    36 |   123 |   103 ||   282

Table legend: (Time is in decaauts)
 A = Elapsed time spent in this place.
 B = Non-inter-level travel time spent in this place.
 C = Inter-level travel time spent in this place.
 D = Time resting spent in this place.
 E = Time spent auto-exploring this place.
 F = Levels seen in this place.
 G = Mean time per level.
                   A        B        C        D        E       F      G
               +--------+--------+--------+--------+--------+-----+--------+
         Total |  16081 |  15092 |    989 |   1542 |  11134 |  17 |  945.9 |
       Dungeon |  14669 |  13692 |    977 |   1178 |  10397 |  13 | 1128.4 |
        Temple |    241 |    230 |     11 |      0 |    196 |   1 |  241.0 |
          Lair |     79 |     79 |      0 |     27 |      0 |   1 |   79.0 |
       Ossuary |    268 |    268 |      0 |      0 |    214 |   1 |  268.0 |
      Ice Cave |    822 |    822 |      0 |    337 |    326 |   1 |  822.0 |
               +--------+--------+--------+--------+--------+-----+--------+

Top non-repeatable levels by time:
     D:6: 1633 daAuts
    D:10: 1558 daAuts
     D:7: 1430 daAuts
     D:8: 1367 daAuts
     D:1: 1301 daAuts
    D:11: 1146 daAuts
     D:3: 1131 daAuts
     D:2: 1119 daAuts
     D:5: 1099 daAuts
    D:12: 1090 daAuts
     D:9: 934 daAuts
     D:4: 842 daAuts
   IceCv: 822 daAuts
 Ossuary: 268 daAuts
  Temple: 241 daAuts
